AoeStats
← darador86

Black Forest

508143559Analyzed
4v4 RM · 13d ago on Sep 21, 2026· 81m 18s· 8 players
Game mode
Random Map
Map size
Large (8 player)
Population
200
Speed
Normal
Resources
Standard
Victory
Conquest
Starting age
Dark Age
Ending age
Imperial Age
RankedLock teamsTeams togetherTeam positionsShared explorationLock speedFull tech treeHidden civsTurbo modeCheats
Victory
Defeat
🇺🇸 Britons · United States
746
+11
🇺🇸 Italians · United States
737
+12
🇲🇽 Teutons · Mexico
676
+14
🇮🇳 Bohemians · India
648
+15
🇦🇷 Huns · Argentina
702
-15
🇦🇷 Bulgarians · Argentina
663
-14
🇵🇪 Burgundians · Peru
598
-12
🇺🇸 Teutons · United States
572
-11
TheFearlessPupil
0:33 Loom
15:25 Feudal Age
17:17 Wheelbarrow
16:24 Horse Collar
16:44 Double-Bit Axe
16:28 Man-at-Arms
17:24 Arson
28:17 Castle Age
27:04 Fletching
28:24 Crossbowman
28:26 Long Swordsman
28:52 Gambesons
28:56 Gambesons
29:33 Pikeman
32:07 Bow Saw
31:49 Gold Mining
32:12 Heavy Plow
37:27 Imperial Age
35:17 Stone Mining
36:48 Forging
39:51 Hand Cart
41:19 Two-Man Saw
42:08 Chemistry
40:50 Two-Handed Swordsman
42:42 Iron Casting
45:01 Bodkin Arrow
45:07 Scale Mail Armor
44:59 Elite Teutonic Knight
47:31 Crenellations
50:52 Blast Furnace
53:26 Halberdier
El Fiel
19:11 Feudal Age
21:56 Double-Bit Axe
22:07 Horse Collar
26:41 Castle Age
26:26 Heavy Plow
26:37 Bow Saw
29:23 Two-Man Saw
32:22 Crop Rotation
36:38 Imperial Age
37:49 Wheelbarrow
37:44 Stone Mining
37:45 Gold Mining
38:47 Fletching
39:24 Hand Cart
41:22 Burgundian Vineyards
42:05 Murder Holes
42:23 Town Watch
44:14 Town Patrol
44:20 Padded Archer Armor
44:20 Scale Mail Armor
45:24 Gold Shaft Mining
45:26 Stone Shaft Mining
46:33 Conscription
46:11 Bodkin Arrow
46:32 Chain Mail Armor
46:32 Leather Archer Armor
46:28 Forging
47:02 Scale Barding Armor
46:23 Light Cavalry
46:26 Elite Skirmisher
47:59 Coinage
47:30 Caravan
47:38 Hussar
47:42 Pikeman
48:59 Halberdier
49:40 Squires
49:47 Husbandry
49:49 Bracer
50:20 Plate Mail Armor
51:46 Guilds
52:07 Banking
51:42 Elite Coustillier
57:19 Onager
61:15 Arson
62:14 Iron Casting
61:59 Chain Barding Armor
71:45 Blast Furnace
71:20 Plate Barding Armor
darador86
0:40 Loom
12:52 Feudal Age
14:06 Horse Collar
14:13 Double-Bit Axe
19:18 Castle Age
18:59 Gold Mining
19:03 Stone Mining
22:05 Heavy Plow
22:56 Wheelbarrow
22:07 Town Watch
26:06 Town Patrol
26:22 Hand Cart
30:43 Imperial Age
28:52 Gold Shaft Mining
28:22 Padded Archer Armor
28:13 Fletching
29:33 Bow Saw
29:37 Scale Barding Armor
29:32 Scale Mail Armor
31:12 Caravan
32:13 Ballistics
32:26 Husbandry
32:36 Bloodlines
34:02 Marauders
34:23 Conscription
34:26 Atheism
36:07 Forging
36:12 Chain Mail Armor
36:17 Chain Barding Armor
36:13 Leather Archer Armor
35:53 Bodkin Arrow
35:41 Elite Tarkan
38:16 Parthian Tactics
37:59 Thumb Ring
38:38 Heavy Cavalry Archer
38:39 Elite Skirmisher
41:39 Two-Man Saw
41:20 Plate Barding Armor
41:20 Iron Casting
51:44 Crossbowman
55:14 Chemistry
Vollenbad
0:28 Loom
11:39 Feudal Age
12:06 Double-Bit Axe
16:42 Wheelbarrow
19:17 Castle Age
17:46 Horse Collar
17:58 Gold Mining
21:28 Bow Saw
24:14 Forging
26:29 Hand Cart
28:47 Bloodlines
30:12 Town Watch
35:12 Imperial Age
35:41 Gold Shaft Mining
34:56 Stone Mining
35:08 Heavy Plow
37:04 Conscription
37:10 Elite Skirmisher
39:06 Fletching
39:16 Padded Archer Armor
40:02 Iron Casting
39:28 Scale Mail Armor
39:22 Elite Konnik
41:31 Bodkin Arrow
41:53 Leather Archer Armor
41:39 Murder Holes
42:46 Chemistry
46:42 Blast Furnace
45:26 Capped Ram
45:42 Pikeman
46:08 Gambesons
46:24 Squires
46:09 Arson
47:03 Scale Barding Armor
47:00 Bracer
46:54 Siege Ram
48:21 Onager
52:22 Stirrups
54:32 Caravan
58:46 Chain Mail Armor
58:53 Chain Barding Armor
65:36 Halberdier
73:17 Plate Mail Armor
73:25 Plate Barding Armor
74:33 Siege Onager
75:22 Siege Onager
zafishroc
6:08 Loom
12:04 Feudal Age
13:54 Horse Collar
14:01 Double-Bit Axe
19:14 Castle Age
20:33 Bow Saw
20:26 Heavy Plow
24:00 Wheelbarrow
25:00 Hand Cart
26:50 Stone Mining
26:54 Gold Mining
29:41 Stone Shaft Mining
34:02 Imperial Age
32:21 Silk Road
32:40 Caravan
36:10 Forging
36:01 Scale Mail Armor
37:00 Squires
36:46 Arson
37:42 Iron Casting
40:03 Fortified Wall
40:54 Chemistry
40:15 Ballistics
41:01 Blast Furnace
40:16 Chain Mail Armor
42:49 Two-Man Saw
42:21 Crop Rotation
41:37 Treadmill Crane
45:27 Plate Mail Armor
47:15 Onager
56:35 Coinage
56:16 Guilds
61:12 Banking
76:25 Conscription
76:22 Pirotechnia
75:35 Elite Genoese Crossbowman
76:12 Fletching
yendor2003
8:03 Feudal Age
7:47 Loom
17:47 Castle Age
17:34 Double-Bit Axe
17:42 Horse Collar
20:02 Wheelbarrow
19:18 Town Watch
23:18 Bow Saw
27:10 Stone Mining
27:19 Gold Mining
28:16 Fletching
30:53 Fortified Wall
31:26 Masonry
31:13 Murder Holes
32:24 Padded Archer Armor
33:59 Gold Shaft Mining
33:52 Caravan
39:49 Imperial Age
38:32 Leather Archer Armor
38:13 Bodkin Arrow
38:43 Ballistics
38:41 Heavy Plow
41:40 Hoardings
40:36 Sappers
42:28 Two-Man Saw
43:08 Conscription
43:21 Yeomen
43:48 Hand Cart
43:33 Town Patrol
44:51 Bracer
45:17 Elite Longbowman
48:08 Ring Archer Armor
47:47 Scale Barding Armor
47:52 Forging
47:42 Scale Mail Armor
48:46 Chemistry
48:17 Architecture
47:39 Guard Tower
47:30 Treadmill Crane
47:59 Warwolf
51:52 Arson
52:07 Squires
52:13 Squires
52:39 Chain Barding Armor
52:54 Iron Casting
52:34 Chain Mail Armor
52:31 Siege Engineers
52:12 Arrowslits
53:32 Husbandry
52:53 Cavalier
55:19 Plate Barding Armor
55:44 Blast Furnace
55:37 Pikeman
56:22 Light Cavalry
62:37 Halberdier
65:02 Plate Mail Armor
65:11 Keep
2022aoe2
0:27 Loom
16:16 Feudal Age
16:48 Double-Bit Axe
17:20 Gold Mining
17:13 Horse Collar
19:32 Stone Mining
24:54 Castle Age
26:03 Bow Saw
25:57 Heavy Plow
26:39 Coinage
26:12 Caravan
27:45 Stone Shaft Mining
27:43 Town Watch
29:23 Wheelbarrow
36:24 Imperial Age
34:39 Ballistics
34:30 Fortified Wall
35:16 Hand Cart
37:00 Forging
36:51 Scale Mail Armor
36:56 Scale Barding Armor
36:51 Padded Archer Armor
36:42 Fletching
38:12 Chemistry
37:27 Masonry
38:36 Conscription
38:53 Hoardings
38:40 Ironclad
39:21 Guilds
39:44 Banking
41:31 Two-Man Saw
41:22 Onager
41:27 Cavalier
42:17 Bloodlines
43:24 Crenellations
44:09 Elite Teutonic Knight
48:38 Siege Onager
49:51 Pikeman
51:04 Chain Barding Armor
54:35 Paladin
56:58 Arrowslits
61:13 Iron Casting
60:33 Bodkin Arrow
60:54 Leather Archer Armor
60:54 Chain Mail Armor
61:15 Plate Barding Armor
66:43 Guard Tower
80:47 Siege Engineers
81:18 Keep
81:03 Bombard Tower
GhostQuery72
0:45 Loom
19:15 Feudal Age
19:45 Horse Collar
20:00 Double-Bit Axe
26:04 Castle Age
32:49 Heavy Plow
36:06 Wheelbarrow
35:47 Bow Saw
37:09 Hand Cart
37:24 Town Watch
38:41 Town Patrol
40:30 Chemistry
45:04 Imperial Age
43:06 Pikeman
43:46 Squires
43:31 Arson
44:44 Scale Mail Armor
44:55 Forging
45:47 Elite Hussite Wagon
46:50 Conscription
48:30 Ballistics
49:55 Halberdier
54:19 Iron Casting
53:59 Chain Mail Armor
57:40 Blast Furnace
57:11 Plate Mail Armor
56:20 Houfnice
59:12 Two-Man Saw
58:46 Wagenburg Tactics
Connection lost

Rejoining the realm…

Still unreachable

The connection could not be restored.

Session expired

The server has moved on; the page needs a fresh start.